AoeStats
← VillagerLivesMatter!

Black Forest

505309167Analyzed
3v3 RM · 25d ago on Sep 8, 2026· 51m 10s· 6 players
Game mode
Random Map
Map size
Normal (6 player)
Population
200
Speed
Normal
Resources
Standard
Victory
Conquest
Starting age
Dark Age
Ending age
Imperial Age
RankedLock teamsTeams togetherTeam positionsShared explorationLock speedFull tech treeHidden civsTurbo modeCheats
Victory
Defeat
🇪🇸 Koreans · Spain
1211
+14
🇲🇽 Saracens · Mexico
1093
+19
🇪🇸 Spanish · Spain
1079
+21
🇦🇹 Britons · Austria
1197
-19
🇦🇹 Mongols · Austria
1184
-19
🇦🇹 Turks · Austria
1122
-16
EntrecoitoS
1:01 Loom
14:17 Feudal Age
15:05 Double-Bit Axe
20:52 Castle Age
23:26 Bow Saw
25:05 Fortified Wall
28:18 Wheelbarrow
29:21 Hand Cart
30:18 Horse Collar
31:42 Scale Barding Armor
34:09 Imperial Age
32:29 Husbandry
32:40 Bloodlines
33:17 Chain Barding Armor
33:08 Forging
35:37 Cavalier
37:28 Plate Barding Armor
39:43 Iron Casting
40:44 Chemistry
42:26 Blast Furnace
42:00 Paladin
45:30 Bombard Tower
Arctic Empire
0:28 Loom
11:16 Feudal Age
17:33 Castle Age
16:36 Horse Collar
17:01 Double-Bit Axe
18:55 Heavy Plow
20:40 Bow Saw
21:24 Gold Mining
22:52 Fletching
24:08 Bodkin Arrow
25:38 Gold Shaft Mining
26:15 Ballistics
27:24 Wheelbarrow
27:34 Husbandry
27:41 Town Watch
29:20 Treadmill Crane
29:51 Masonry
29:41 Stone Mining
39:04 Imperial Age
36:08 Elite Skirmisher
37:01 Forging
38:21 Murder Holes
38:34 Thumb Ring
39:45 Eupseong
40:09 Bracer
41:16 Two-Man Saw
40:02 Elite War Wagon
41:55 Chemistry
40:42 Arrowslits
42:14 Conscription
42:04 Caravan
43:00 Stone Shaft Mining
43:34 Hand Cart
43:16 Heavy Rocket Cart
46:10 Town Patrol
51:27 Siege Engineers
51:53 Architecture
51:35 Fortified Wall
FlashKiller
1:20 Loom
6:36 Loom
9:12 Feudal Age
22:02 Castle Age
20:09 Double-Bit Axe
20:53 Fletching
22:09 Padded Archer Armor
22:54 Bow Saw
22:42 Crossbowman
26:15 Wheelbarrow
27:35 Bodkin Arrow
27:23 Horse Collar
29:34 Thumb Ring
30:34 Leather Archer Armor
32:28 Hand Cart
33:01 Scale Barding Armor
37:09 Imperial Age
35:42 Ballistics
35:48 Town Watch
37:23 Town Patrol
38:13 Heavy Plow
38:46 Gold Mining
38:31 Arbalester
39:24 Bracer
39:55 Ring Archer Armor
40:47 Chemistry
41:14 Siege Engineers
51:19 Two-Man Saw
VillagerLivesMatter!
1:31 Loom
15:36 Feudal Age
17:01 Double-Bit Axe
24:12 Castle Age
29:10 Bow Saw
34:49 Padded Archer Armor
42:27 Wheelbarrow
45:02 Imperial Age
43:29 Hand Cart
46:41 Imperial Age
43:57 Town Watch
46:45 Elite Janissary
47:49 Conscription
50:29 Artillery
MarcoPolo
5:49 Loom
10:37 Feudal Age
11:48 Double-Bit Axe
16:22 Castle Age
17:34 Bow Saw
18:06 Horse Collar
21:47 Heavy Plow
23:24 Wheelbarrow
26:58 Hand Cart
27:28 Town Watch
28:10 Ballistics
27:48 Fletching
28:14 Padded Archer Armor
28:41 Bodkin Arrow
29:12 Crossbowman
29:52 Elite Skirmisher
33:09 Imperial Age
32:16 Leather Archer Armor
34:39 Yeomen
34:40 Conscription
36:13 Gold Mining
37:54 Chemistry
37:38 Bracer
38:29 Ring Archer Armor
39:34 Two-Man Saw
39:30 Caravan
39:36 Elite Longbowman
41:46 Gold Shaft Mining
41:46 Fortified Wall
42:10 Squires
43:26 Hoardings
49:33 Scale Mail Armor
49:44 Forging
derdackl
0:32 Loom
14:08 Feudal Age
21:46 Castle Age
19:39 Horse Collar
20:24 Double-Bit Axe
22:54 Bow Saw
25:29 Fletching
29:12 Wheelbarrow
29:40 Bodkin Arrow
33:40 Imperial Age
32:00 Padded Archer Armor
32:32 Hand Cart
33:16 Bloodlines
33:07 Husbandry
35:30 Chemistry
35:49 Scale Barding Armor
35:28 Light Cavalry
36:37 Conscription
35:57 Heavy Camel Rider
37:31 Parthian Tactics
37:51 Thumb Ring
39:37 Bracer
41:32 Ballistics
42:41 Chain Barding Armor
42:43 Leather Archer Armor
43:37 Forging
47:30 Heavy Cavalry Archer
Connection lost

Rejoining the realm…

Still unreachable

The connection could not be restored.

Session expired

The server has moved on; the page needs a fresh start.